 Dungeon Crawl Stone Soup version 0.18-a0-1014-g3bbf375 (webtiles) character file.

61 kae the Slasher (level 3, -4/31 HPs)
             Began as a Minotaur Fighter on Jan 6, 2016.
             Slain by a gnoll
             ... wielding a +0 halberd
              (5 damage)
             ... on level 2 of the Dungeon.
             The game lasted 00:00:47 (942 turns).

kae the Slasher (Minotaur Fighter)                   Turns: 942, Time: 00:00:47

Health: -4/31      AC:  8    Str: 20    XL:     3   Next: 83%
Magic:  2/2        EV:  7    Int:  6    God:
Gold:   41         SH:  9    Dex:  9    Spells: 0 memorised, 2 levels left

rFire  . . .     SeeInvis +     a - +1 long sword
rCold  . . .     Gourm    .     b - +0 scale mail
rNeg   . . .     Faith    .     c - +0 shield
rPois  .         Spirit   .     (helmet restricted)
rElec  .         Dismiss  .     (no cloak)
rCorr  .         Reflect  .     (no gloves)
SustAt .         Harm     .     j - +0 pair of boots
MR     .....                    (no amulet)
Stlth  ..........               (no ring)
                                g - ring of see invisible

@: flying, not resistant to hostile enchantments, extremely unstealthy
A: retaliatory headbutt, horns 2, see invisible
a: no special abilities


You were on level 2 of the Dungeon.
You were not hungry.

You visited 1 branch of the dungeon, and saw 2 of its levels.

You collected 41 gold pieces.

Inventory:

Hand Weapons
 a - a +1 long sword (weapon)
Armour
 b - a +0 scale mail (worn)
 c - a +0 shield (worn)
 j - a +0 pair of boots (worn)
Jewellery
 g - a ring of see invisible (left hand)
Scrolls
 e - a scroll of noise {unknown}
 i - 2 scrolls of remove curse
Potions
 d - a potion of might
 k - a potion of beneficial mutation
Books
 m - a book of Maledictions

   Spells                             Type                      Level
   a - Corona                         Hexes                        1
   b - Ensorcelled Hibernation        Hexes/Ice                    2
   c - Confuse                        Hexes                        3
   d - Tukima's Dance                 Hexes                        3
   e - Dazzling Spray                 Conjuration/Hexes            3
Comestibles
 f - a bread ration
 h - a royal jelly


   Skills:
 - Level 3.6 Fighting
 + Level 5.1 Long Blades
 - Level 3.6 Armour
 - Level 3.6 Shields


You had 2 spell levels left.
You didn't know any spells.

Dungeon Overview and Level Annotations

Branches:
Dungeon (2/15)

Altars:


Innate Abilities, Weirdness & Mutations

You reflexively headbutt those who attack you in melee.
You have a pair of horns on your head.
You have supernaturally acute eyesight.


Message History

You hit the gnoll.
The gnoll is heavily wounded.
You block the gnoll's attack. The gnoll hits you with a halberd.
* * * LOW HITPOINT WARNING * * *
You are too injured to fight recklessly!
You are too injured to fight recklessly!
You are too injured to fight recklessly!
Unknown command.
Drink which item? (? for menu, Esc to quit)
It was a potion of beneficial mutation.
Your vision sharpens.
You feel fantastic! The gnoll hits you but does no damage.
You block the gnoll's attack.
Drink which item? (? for menu, Esc to quit)
It was a potion of flight.
You feel very buoyant.
You fly up into the air.
The gnoll hits you with a spear.
* * * LOW HITPOINT WARNING * * *
The gnoll hits you with a halberd.
You die...

#.# #...# #.#.#...##
#.# #...# #.#.#...##
#.######...###.#.#...##
#...(..'.....#.#.#...##
########...#.#.#.#...##
#..........# #.#.#...##
#.####..##.# #.#.###.##
#......# #.#.......
#.@....# #.#####...
#gg#.#.# #.#.....##
...w..#.# #.'.....'.
...##.### # ###...†.##
..... ... #.....# ##.#
#.? #.....# #. +..
####### # #...


You could see a worm and 2 gnolls.

Vanquished Creatures
  A gnoll (D:2)
  An adder (D:2)
  An ooze (D:1)
  2 worms (D:2)
  5 bats (D:1)
  3 giant cockroaches
  6 goblins (D:1)
  4 hobgoblins (D:1)
  2 giant newts (D:1)
  5 kobolds
  3 rats
33 creatures vanquished.

Notes
Turn   | Place    | Note
--------------------------------------------------------------
     0 | D:1      | kae the Minotaur Fighter began the quest for the Orb.
     0 | D:1      | Reached XP level 1. HP: 19/19 MP: 0/0
    70 | D:1      | Reached XP level 2. HP: 26/26 MP: 1/1
   238 | D:1      | Reached skill level 4 in Long Blades
   379 | D:1      | Reached XP level 3. HP: 29/31 MP: 2/2
   937 | D:2      | Reached skill level 5 in Long Blades
   941 | D:2      | Gained mutation: You have supernaturally acute eyesight. [potion of beneficial mutation]
   942 | D:2      | HP: 1/31 [gnoll/spear (6)]
   942 | D:2      | Slain by a gnoll

Vault maps used:
D:1:      evilmike_arrival_crescent

Action                   || total
-------------------------++-------
Melee: Long sword        ||    63
  Use: Scroll            ||     2
       Potion            ||     2
